 Dungeon Sprint DCSS version 0.15-a0-970-ga23ad50 (webtiles) character file.

505 MDvedh the Grappler (level 7, -1/50 HPs)
             Began as a Gargoyle Monk on May 23, 2014.
             Was a Priest of Vehumet.
             Slain by a soldier ant (7 damage)
             ... in the Dungeon (Sprint IX: "|||||||||||||||||||||||||||||").
             The game lasted 00:03:21 (496 turns).

MDvedh the Grappler (Gargoyle Monk)                  Turns: 496, Time: 00:03:21

HP  -1/50        AC  8     Str 17      XL: 7   Next: 18%
MP   9/19        EV 13     Int 13      God: Vehumet [***...]
Gold 0           SH  0     Dex 12      Spells:  1 memorised, 16 levels left

rFire  . . .     SeeInvis .       - Unarmed
rCold  . . .     Clarity  .     a - +0 robe
rNeg   + . .     Conserve .     (no shield)
rPois  +         rCorr    .     (no helmet)
rElec  +         rRot     +     (no cloak)
SustAb .         Spirit   .     (no gloves)
rMut   .         Warding  .     (no boots)
Gourm  .         NoTele   +     (no amulet)
MR     .....                    p - +2 ring of protection
                                o - +3 ring of strength

@: very slightly contaminated, hasted, very quick, not resistant to hostile
enchantments, unstealthy
A: life protection 1, electricity resistance, unbreathing, petrification
resistance, AC +4
a: Renounce Religion


You were in the Dungeon.
You worshipped Vehumet.
Vehumet was most pleased with you.
You were not hungry.

You visited 1 branch

Inventory:

Hand weapons
 m - a +2,+2 cutlass of speed
Armour
 a - a +0 robe (worn)
 n - a +0 helmet
Magical devices
 k - a wand of fire (7)
Comestibles
 b - a bread ration
Scrolls
 h - 2 scrolls of blinking
 i - 3 scrolls of remove curse
 j - 2 scrolls of amnesia
Jewellery
 o - a +3 ring of strength (left hand)
 p - a +2 ring of protection (right hand)
Potions
 c - 5 potions of curing
 d - 3 potions of heal wounds
 f - 4 potions of magic
 g - a potion of invisibility
Magical staves
 l - an uncursed staff of energy


   Skills:
 - Level 8.5 Fighting
 + Level 3.3 Dodging
 - Level 2.1 Stealth
 - Level 8.8 Unarmed Combat
 + Level 5.7 Spellcasting
 + Level 6.8 Conjurations
 - Level 5.6 Poison Magic


You had 16 spell levels left.
You knew the following spells:

 Your Spells              Type           Power        Failure   Level  Hunger
a - Sting                 Conj/Pois      ###.         1%          1    None


Dungeon Overview and Level Annotations

Branches:
Dungeon (1/1)

Altars:
Cheibriados
Dithmenos
Elyvilon
Fedhas
Gozag
Kikubaaqudgha
Makhleb
Nemelex Xobeh
Okawaru
Qazlal
Sif Muna
Trog
Vehumet
Xom
Yredelemnul
Zin
The Shining One
Beogh
Jiyva
Lugonu


Innate Abilities, Weirdness & Mutations

You are resistant to torment.
You are immune to poison.
You are immune to rotting.
Your stone body is very resilient (AC +4).
You resist negative energy.
You are resistant to electric shocks.
You can survive without breathing.
You are immune to petrification.


Message History

The soldier ant stings you.
You hit the soldier ant but do no damage.
The soldier ant is severely wounded.
The soldier ant stings you!
You closely miss the soldier ant.
The soldier ant is severely wounded.
You hit the soldier ant but do no damage.
The soldier ant is severely wounded.
The soldier ant stings you.
* * * LOW HITPOINT WARNING * * *
You closely miss the soldier ant.
The soldier ant is severely wounded.
You punch the soldier ant!
The soldier ant is almost dead.
The soldier ant stings you.
* * * LOW HITPOINT WARNING * * *
You barely miss the soldier ant.
The soldier ant is almost dead.
The soldier ant stings you!
You die...

▓.▓
▓.▓
▓)▓
▓.▓
▓[▓
▓[▓
▓.▓
▓.▓
▓@▓
▓a▓
▓c▓
▓.▓
▓.▓
▓.▓
▓.▓
▓+▓


You could see a soldier ant and a centaur.

Vanquished Creatures
  A yak (D)
  A water moccasin (D)
  2 sky beasts (D)
  A hound (D)
  3 bats (D)
  2 giant cockroaches (D)
  2 giant newts (D)
  A giant newt skeleton (D)
  A kobold (D)
14 creatures vanquished.

Notes
Turn   | Place    | Note
--------------------------------------------------------------
     0 | D        | MDvedh, the Gargoyle Monk, began the quest for the Orb.
     0 | D        | Reached XP level 1. HP: 14/14 MP: 1/1
    24 | D        | Reached skill level 5 in Unarmed Combat
   214 | D        | Noticed a sky beast
   214 | D        | Noticed a hound
   222 | D        | Reached XP level 2. HP: 20/20 MP: 2/2
   229 | D        | Killed a sky beast
   229 | D        | Reached skill level 7 in Fighting
   229 | D        | Reached skill level 8 in Unarmed Combat
   229 | D        | Reached XP level 3. HP: 27/29 MP: 3/3
   229 | D        | Reached XP level 4. HP: 32/35 MP: 4/4
   232 | D        | Killed a hound
   232 | D        | Reached XP level 5. HP: 27/40 MP: 5/5
   400 | D        | Found a glowing silver altar of Zin.
   400 | D        | Found a glowing golden altar of the Shining One.
   400 | D        | Found an ancient bone altar of Kikubaaqudgha.
   400 | D        | Found a basalt altar of Yredelemnul.
   400 | D        | Found a shimmering altar of Xom.
   400 | D        | Found a radiant altar of Vehumet.
   400 | D        | Found an iron altar of Okawaru.
   401 | D        | Found a burning altar of Makhleb.
   402 | D        | Found a deep blue altar of Sif Muna.
   403 | D        | Found a bloodstained altar of Trog.
   404 | D        | Found a sparkling altar of Nemelex Xobeh.
   405 | D        | Found a white marble altar of Elyvilon.
   406 | D        | Found a roughly hewn altar of Beogh.
   407 | D        | Found a viscous altar of Jiyva.
   408 | D        | Became a worshipper of Vehumet
   408 | D        | Acquired Vehumet's first power
   408 | D        | Offered knowledge of Sting by Vehumet.
   411 | D        | Learned a level 1 spell: Sting
   411 | D        | Found a corrupted altar of Lugonu.
   412 | D        | Found a blossoming altar of Fedhas.
   413 | D        | Found a snail-covered altar of Cheibriados.
   414 | D        | Found a shadowy altar of Dithmenos.
   415 | D        | Found a stormy altar of Qazlal.
   416 | D        | Found an opulent altar of Gozag.
   446 | D        | Noticed a water moccasin
   446 | D        | Noticed a yak
   446 | D        | Noticed a sky beast
   446 | D        | Noticed a soldier ant
   446 | D        | Noticed a centaur
   455 | D        | Killed a water moccasin
   455 | D        | Offered knowledge of Magic Dart by Vehumet.
   455 | D        | Reached XP level 6. HP: 38/45 MP: 4/13
   460 | D        | Killed a yak
   460 | D        | Reached skill level 5 in Spellcasting
   460 | D        | Reached skill level 5 in Poison Magic
   482 | D        | Killed a sky beast
   482 | D        | Acquired Vehumet's second power
   482 | D        | Reached XP level 7. HP: 35/50 MP: 7/19
   496 | D        | Slain by a soldier ant

Action                   |  1- 3 |  4- 6 |  7- 9 || total
-------------------------+-------+-------+-------++-------
Melee: Unarmed           |    34 |    39 |    13 ||    86
  Use: Potion            |     1 |     1 |       ||     2
